 Dungeon Crawl Stone Soup version 0.19.0-18-g426998a (webtiles) character file.

25 Plasmo the Magician (level 2, -1/18 HPs)
             Began as a High Elf Wizard on Nov 11, 2016.
             Slain by Natasha (9 damage)
             ... on level 2 of the Dungeon.
             The game lasted 00:03:22 (1222 turns).

Plasmo the Magician (High Elf Wizard)               Turns: 1222, Time: 00:03:23

Health: -1/18      AC:  2    Str:  6    XL:     2   Next: 86%
Magic:  1/7        EV: 13    Int: 21    God:
Gold:   104        SH:  0    Dex: 13    Spells: 2 memorised, 5 levels left

rFire  . . .     SeeInvis .     i - +0 short sword
rCold  . . .     Gourm    .     a - +0 robe
rNeg   . . .     Faith    .     (no shield)
rPois  .         Spirit   .     b - +0 hat
rElec  .         Reflect  .     (no cloak)
rCorr  .         Harm     .     (no gloves)
MR     .....                    (no boots)
Stlth  ++........               (no amulet)
                                (no ring)
                                (no ring)

@: slowed, very slow
A: no striking features
a: no special abilities


You were on level 2 of the Dungeon.
You were not hungry.

You visited 1 branch of the dungeon, and saw 2 of its levels.

You collected 104 gold pieces.

Inventory:

Hand Weapons
 i - a +0 short sword (weapon)
Missiles
 f - 8 poisoned needles
Armour
 a - a +0 robe (worn)
 b - a +0 hat (worn)
Scrolls
 h - a scroll of amnesia {unknown}
 k - a scroll of remove curse {unknown}
 m - a scroll of noise {unknown}
Potions
 e - a potion of flight {unknown}
 g - 2 potions of haste {unknown}
 j - a potion of curing {unknown}
 l - a potion of agility {unknown}
Books
 c - a book of Minor Magic

   Spells                             Type                      Level
   a - Magic Dart                     Conjuration                  1
   b - Blink                          Translocation                2
   c - Call Imp                       Summoning                    2
   d - Repel Missiles                 Charms/Air                   2
   e - Slow                           Hexes                        2
   f - Conjure Flame                  Conjuration/Fire             3
   g - Mephitic Cloud                 Conjuration/Poison/Air       3
Comestibles
 d - 2 bread rations
 n - a chunk of flesh


   Skills:
 * Level 1.0 Fighting
 * Level 1.0 Throwing
 * Level 0.6 Armour
 * Level 2.4 Dodging
 + Level 2.3 Stealth
 * Level 3.7 Spellcasting
 * Level 1.4 Conjurations
 - Level 0.8 Summonings
   Level 1.1 Translocations


You had 5 spell levels left.
You knew the following spells:

 Your Spells              Type           Power        Failure   Level  Hunger
a - Magic Dart            Conj           ##..         10%         1    None
b - Call Imp              Summ           #.......     14%         2    ##.....


Dungeon Overview and Level Annotations

Branches:
Dungeon (2/15)

Altars:

Annotations:
D:2 Natasha


Message History

You feel yourself slow down.
Natasha stares at you and mumbles some strange words.
You feel as though you will be slow longer.
You hit Natasha.
Natasha is almost dead.
Natasha misses you. x2
You closely miss Natasha.
Natasha is almost dead.
Natasha howls an incantation.
You feel disoriented. Natasha closely misses you.
You closely miss Natasha.
Natasha is almost dead.
Natasha mumbles some strange words.
Natasha misses you.
You hit Natasha.
Natasha is almost dead.
Natasha claws you!
Ouch! That really hurt!
You die...

#.## #......h.......
#..##########.............#
..........................+
#.......###.#######.#
........###.#....5..#
...###...)..#.#######
....##......#.##.#
....##......#.5h.#
.....#......####@#
...#.######.####5######
####...................#
.####.......######.#
#.......# #.......#
#########


You could see Natasha, a crimson imp and a white imp.

Vanquished Creatures
  A dart slug (D:2)
  A leopard gecko (D:1)
  A ball python (D:1)
  2 bats (D:1)
  2 giant cockroaches (D:1)
  3 goblins
  2 hobgoblins (D:1)
  4 kobolds
  2 rats (D:1)
18 creatures vanquished.

Notes
Turn   | Place    | Note
-------+----------+-------------------------------------------
     0 | D:1      | Plasmo the High Elf Wizard began the quest for the Orb.
     0 | D:1      | Reached XP level 1. HP: 11/11 MP: 6/6
   220 | D:1      | Reached XP level 2. HP: 18/18 MP: 2/7
   224 | D:1      | Learned a level 2 spell: Call Imp
   648 | D:1      | Reached skill level 1 in Throwing
  1161 | D:2      | Reached skill level 1 in Fighting
  1190 | D:2      | Noticed Natasha
  1191 | D:2      | Noticed a crimson imp
  1218 | D:2      | Noticed a crimson imp
  1222 | D:2      | Slain by Natasha

Skill      XL: |  1  2 |
---------------+-------+-----
Throwing       | 1 |  1.0
Fighting       | 1 |  1.0
Armour         | |  0.6
Dodging        | |  2.4
Stealth        | |  2.3
Spellcasting   | |  3.7
Conjurations   | |  1.4
Summonings     | |  0.8
Translocations | |  1.1

Action                   || total
-------------------------++-------
Melee: Short sword       ||    32
 Cast: Magic Dart        ||    44
       Call Imp          ||     1
 Stab: Sleeping          ||     1
  Eat: Chunk             ||     1
Armor: Robe              ||     4
Dodge: Dodged            ||    26
